| TOP OF THE 1ST |
|
Montgomery Biscuits batting - Pitching for Corpus Christi Hooks : RHP Antonio Escobosa
|
|
Pitching: RHP Antonio Escobosa
|
|
|
Batting: LHB Austin Ohmer
|
0-0: Called Strike 0-1: Bunt missed! 0-2: Ball 1-2: Fly out, F9 (Flyball, 89D, EV 91.9 MPH)
|
|
Batting: LHB Davion Lewis
|
0-0: Ball 1-0: Foul Ball, location: 2F 1-1: Ball 2-1: Ball 3-1: Fly out, F3 (Popup, 23F, EV 81.3 MPH)
|
|
Batting: RHB Wing-kit Bu
|
0-0: Ground out 1-3 (Groundball, 13S, EV 74.4 MPH)
|
| Top of the 1st over - 0 runs, 0 hits, 0 errors, 0 left on base; Montgomery 0 - Corpus Christi 0 |
| BOTTOM OF THE 1ST |
|
Corpus Christi Hooks batting - Pitching for Montgomery Biscuits : RHP Steve DiDomenico
|
|
Pitching: RHP Steve DiDomenico
|
|
|
Batting: RHB Antonio Gamez
|
0-0: Fly out, F7 (Line Drive, 7S, EV 86.3 MPH)
|
|
Batting: RHB Chris McGrath
|
0-0: Ball 1-0: Called Strike 1-1: SOLO HOME RUN (Flyball, 78XD, EV 106.9 MPH), Distance : 401 ft
|
|
Batting: LHB Nick Foutz
|
0-0: Ball 1-0: Ball 2-0: SINGLE (Line Drive, 6D, EV 101.9 MPH)
|
|
Batting: LHB Sean Trueblood
|
0-0: Called Strike 0-1: Ball 1-1: Called Strike 1-2: Foul Ball, location: 2F 1-2: SINGLE (Groundball, 4D, EV 97.5 MPH) Nick Foutz to second
|
|
Batting: SHB Nate Kopchak
|
0-0: Called Strike 0-1: Swinging Strike 0-2: Ball 1-2: Hit by Pitch Nick Foutz to third Sean Trueblood to second
|
|
Batting: RHB Jim Huff
|
0-0: Ball 1-0: Ball 2-0: Ball 3-0: Called Strike 3-1: Fly out, F7 (Flyball, 78XD, EV 100.6 MPH) Runner from 3rd tags up, SCORES, no throw by LF Sean Trueblood to third
|
|
Batting: RHB Jordan Williams
|
0-0: Ball Wild Pitch! Sean Trueblood scores Nate Kopchak to second 1-0: Ground out 5-3 (Groundball, 5S, EV 92.5 MPH)
|
| Bottom of the 1st over - 3 runs, 3 hits, 0 errors, 1 left on base; Montgomery 0 - Corpus Christi 3 |
| TOP OF THE 2ND |
|
Montgomery Biscuits batting - Pitching for Corpus Christi Hooks : RHP Antonio Escobosa
|
|
Batting: LHB David Seminario
|
0-0: Ball 1-0: Ball 2-0: Ball 3-0: Foul Ball, location: 2F 3-1: Base on Balls
|
|
Batting: SHB Brett McEwen
|
0-0: Grounds into double play, 4-6-3 (Groundball, 4, EV 91.9 MPH)
|
|
Batting: LHB Kevin Kantor
|
0-0: Called Strike 0-1: DOUBLE (Groundball, 5L, EV 106.9 MPH)
|
|
Batting: SHB Willie Koviak
|
0-0: Ball 1-0: Ball 2-0: Ball 3-0: Swinging Strike 3-1: Called Strike 3-2: Ground out 6-3 (Groundball, 6, EV 85.6 MPH)
|
| Top of the 2nd over - 0 runs, 1 hit, 0 errors, 1 left on base; Montgomery 0 - Corpus Christi 3 |
| BOTTOM OF THE 2ND |
|
Corpus Christi Hooks batting - Pitching for Montgomery Biscuits : RHP Steve DiDomenico
|
|
Batting: RHB Greg Marlar
|
0-0: Fly out, F4 (Line Drive, 4, EV 66.9 MPH)
|
|
Batting: RHB Ray Finkle
|
0-0: Ball 1-0: Called Strike 1-1: Ball 2-1: Fly out, F8 (Flyball, 8LXD, EV 105.6 MPH)
|
|
Batting: RHB Antonio Gamez
|
0-0: Ball 1-0: Called Strike 1-1: Ball 2-1: Ball 3-1: Base on Balls
|
|
Batting: RHB Chris McGrath
|
0-0: Ball 1-0: Called Strike 1-1: Ball 2-1: Called Strike Antonio Gamez steals 2nd base 2-2: Foul Ball, location: 2F 2-2: Fly out, F3 (Popup, 3SF, EV 83.1 MPH)
|
| Bottom of the 2nd over - 0 runs, 0 hits, 0 errors, 1 left on base; Montgomery 0 - Corpus Christi 3 |
| TOP OF THE 3RD |
|
Montgomery Biscuits batting - Pitching for Corpus Christi Hooks : RHP Antonio Escobosa
|
|
Batting: RHB Devin Brown
|
0-0: Ball 1-0: Ball 2-0: Ball 3-0: Base on Balls
|
|
Batting: RHB Alfredo Moreno
|
0-0: Ball 1-0: Fly out, F1 (Line Drive, P, EV 75.0 MPH)
|
|
Batting: LHB Austin Ohmer
|
0-0: Called Strike 0-1: Ball 1-1: Foul Ball, location: 2F 1-2: Ball 2-2: SINGLE (Line Drive, 7S, EV 96.3 MPH) Devin Brown to second
|
|
Batting: LHB Davion Lewis
|
0-0: Swinging Strike 0-1: Ball 1-1: Foul Ball, location: 2F 1-2: Fielders Choice at 2nd, 4-6 (Groundball, 4, EV 91.3 MPH) Devin Brown to third
|
|
Batting: RHB Wing-kit Bu
|
0-0: SINGLE (Groundball, 6M, EV 103.8 MPH) (infield hit) Devin Brown scores Davion Lewis to second
|
|
Batting: LHB David Seminario
|
0-0: Called Strike 0-1: Foul Ball, location: 2F 0-2: Ball 1-2: Ball 2-2: DOUBLE (Line Drive, 7LD, EV 105.0 MPH) Davion Lewis scores Wing-kit Bu to third Runner from 3rd tries for Home, SAFE, throw by LF to trailing runner, SAFE at third!
|
|
Batting: SHB Brett McEwen
|
0-0: Ball 1-0: Ball 2-0: Swinging Strike 2-1: Called Strike 2-2: Strikes out swinging
|
| Top of the 3rd over - 3 runs, 3 hits, 0 errors, 1 left on base; Montgomery 3 - Corpus Christi 3 |
| BOTTOM OF THE 3RD |
|
Corpus Christi Hooks batting - Pitching for Montgomery Biscuits : RHP Steve DiDomenico
|
|
Batting: LHB Nick Foutz
|
0-0: Fly out, F3 (Line Drive, 3, EV 66.3 MPH)
|
|
Batting: LHB Sean Trueblood
|
0-0: Ball 1-0: Ground out 6-3 (Groundball, 6, EV 109.4 MPH)
|
|
Batting: SHB Nate Kopchak
|
0-0: Ground out U3 (Groundball, 3, EV 82.5 MPH)
|
| Bottom of the 3rd over - 0 runs, 0 hits, 0 errors, 0 left on base; Montgomery 3 - Corpus Christi 3 |
| TOP OF THE 4TH |
|
Montgomery Biscuits batting - Pitching for Corpus Christi Hooks : RHP Antonio Escobosa
|
|
Batting: LHB Kevin Kantor
|
0-0: Ball 1-0: Ball 2-0: Ball 3-0: Called Strike 3-1: Ground out 4-3 (Groundball, 4, EV 78.8 MPH)
|
|
Batting: SHB Willie Koviak
|
0-0: Called Strike 0-1: Ball 1-1: Ball 2-1: Foul Ball, location: 2F 2-2: Ground out 1-3 (Groundball, 15S, EV 73.1 MPH)
|
|
Batting: RHB Devin Brown
|
0-0: SINGLE (Groundball, 4MD, EV 103.1 MPH)
|
|
Batting: RHB Alfredo Moreno
|
0-0: Foul Ball, location: 2F 0-1: Ball 1-1: Called Strike 1-2: Ball 2-2: Ball 3-2: Foul Ball, location: 2F 3-2: Ground out 2-3 (Groundball, 15S, EV 72.5 MPH)
|
| Top of the 4th over - 0 runs, 1 hit, 0 errors, 1 left on base; Montgomery 3 - Corpus Christi 3 |
| BOTTOM OF THE 4TH |
|
Corpus Christi Hooks batting - Pitching for Montgomery Biscuits : RHP Steve DiDomenico
|
|
Batting: RHB Jim Huff
|
0-0: Called Strike 0-1: Ball 1-1: Ball 2-1: Foul Ball, location: 2F 2-2: Strikes out swinging
|
|
Batting: RHB Jordan Williams
|
0-0: Ball 1-0: Called Strike 1-1: Ball 2-1: Ball 3-1: Foul Ball, location: 2F 3-2: Base on Balls
|
|
Batting: RHB Greg Marlar
|
0-0: Called Strike 0-1: Ball 1-1: Ball 2-1: Swinging Strike 2-2: Ball 3-2: Ground out 4-3 (Groundball, 34, EV 90.6 MPH) Jordan Williams to second
|
|
Batting: RHB Ray Finkle
|
0-0: Fly out, F9 (Flyball, 9S, EV 90.0 MPH)
|
| Bottom of the 4th over - 0 runs, 0 hits, 0 errors, 1 left on base; Montgomery 3 - Corpus Christi 3 |
| TOP OF THE 5TH |
|
Montgomery Biscuits batting - Pitching for Corpus Christi Hooks : RHP Antonio Escobosa
|
|
Batting: LHB Austin Ohmer
|
0-0: Ball 1-0: Ball 2-0: Swinging Strike 2-1: Swinging Strike 2-2: Strikes out swinging
|
|
Batting: LHB Davion Lewis
|
0-0: Called Strike 0-1: Ball 1-1: Ball 2-1: SINGLE (Groundball, 15S, EV 75.0 MPH) (infield hit)
|
|
Batting: RHB Wing-kit Bu
|
0-0: Reached on error, E4 (Groundball, 4, EV 81.9 MPH) Davion Lewis to second
|
|
Batting: LHB David Seminario
|
0-0: Foul Ball, location: 2F 0-1: Ball 1-1: Ball 2-1: Ball 3-1: SINGLE (Line Drive, 56D, EV 104.4 MPH) Davion Lewis to third Wing-kit Bu to second Runner from 3rd tries for Home, SAFE, throw by LF to home
|
|
Batting: SHB Brett McEwen
|
0-0: Called Strike 0-1: Foul Ball, location: 2F 0-2: Ball 1-2: SINGLE (Groundball, 6D, EV 95.0 MPH) Wing-kit Bu to third David Seminario to second Runner from 3rd tries for Home, throw by CF and OUT! 8-2
|
|
Batting: LHB Kevin Kantor
|
0-0: Ball 1-0: Ball 2-0: Ball 3-0: Foul Ball, location: 2F 3-1: Ground out U3 (Groundball, 34, EV 107.5 MPH)
|
| Top of the 5th over - 1 run, 3 hits, 1 error, 2 left on base; Montgomery 4 - Corpus Christi 3 |
| BOTTOM OF THE 5TH |
|
Corpus Christi Hooks batting - Pitching for Montgomery Biscuits : RHP Steve DiDomenico
|
|
Batting: RHB Antonio Gamez
|
0-0: Ground out 6-3 (Groundball, 6, EV 83.8 MPH)
|
|
Batting: RHB Chris McGrath
|
0-0: Ground out 6-3 (Groundball, 6, EV 95.0 MPH)
|
|
Batting: LHB Nick Foutz
|
0-0: Called Strike 0-1: Foul Ball, location: 2F 0-2: Ball 1-2: Ball 2-2: Strikes out swinging
|
| Bottom of the 5th over - 0 runs, 0 hits, 0 errors, 0 left on base; Montgomery 4 - Corpus Christi 3 |
| TOP OF THE 6TH |
|
Montgomery Biscuits batting - Pitching for Corpus Christi Hooks : RHP Antonio Escobosa
|
|
Batting: SHB Willie Koviak
|
0-0: Called Strike 0-1: Fly out, F7 (Flyball, 7D, EV 98.8 MPH)
|
|
Batting: RHB Devin Brown
|
0-0: Ball 1-0: Ground out 1-3 (Groundball, 13S, EV 70.6 MPH)
|
|
Batting: RHB Alfredo Moreno
|
0-0: Ball 1-0: Ball 2-0: Ball 3-0: Called Strike 3-1: Called Strike 3-2: Foul Ball, location: 2F 3-2: Foul Ball, location: 2F 3-2: Fly out, F8 (Flyball, 78D, EV 81.3 MPH)
|
| Top of the 6th over - 0 runs, 0 hits, 0 errors, 0 left on base; Montgomery 4 - Corpus Christi 3 |
| BOTTOM OF THE 6TH |
|
Corpus Christi Hooks batting - Pitching for Montgomery Biscuits : RHP Steve DiDomenico
|
|
Batting: LHB Sean Trueblood
|
0-0: Called Strike 0-1: Ground out 6-3 (Groundball, 6, EV 84.4 MPH)
|
|
Batting: SHB Nate Kopchak
|
0-0: Foul Ball, location: 2F 0-1: Ball 1-1: Ground out 6-3 (Groundball, 6, EV 83.8 MPH)
|
|
Batting: RHB Jim Huff
|
0-0: Called Strike 0-1: Ball 1-1: Fly out, F8 (Flyball, 8RM, EV 73.1 MPH)
|
| Bottom of the 6th over - 0 runs, 0 hits, 0 errors, 0 left on base; Montgomery 4 - Corpus Christi 3 |
| TOP OF THE 7TH |
|
Montgomery Biscuits batting - Pitching for Corpus Christi Hooks : RHP Antonio Escobosa
|
|
Pitching: RHP Michael Bruce
|
|
|
Batting: LHB Austin Ohmer
|
0-0: Ball 1-0: Called Strike 1-1: Called Strike 1-2: Strikes out looking
|
|
Batting: LHB Davion Lewis
|
0-0: Ball 1-0: Fly out, F9 (Flyball, 9D, EV 91.9 MPH)
|
|
Batting: RHB Wing-kit Bu
|
0-0: Called Strike 0-1: SINGLE (Groundball, 6MS, EV 66.9 MPH) (infield hit)
|
|
Batting: LHB David Seminario
|
0-0: Called Strike 0-1: Ball 1-1: Ground out 4-3 (Groundball, 4, EV 105.0 MPH)
|
| Top of the 7th over - 0 runs, 1 hit, 0 errors, 1 left on base; Montgomery 4 - Corpus Christi 3 |
| BOTTOM OF THE 7TH |
|
Corpus Christi Hooks batting - Pitching for Montgomery Biscuits : RHP Steve DiDomenico
|
|
Batting: RHB Jordan Williams
|
0-0: Ball 1-0: Foul Ball, location: 2F 1-1: Fly out, F9 (Line Drive, 9, EV 89.4 MPH)
|
|
Batting: LHB Dylan LaRose
|
0-0: Ball 1-0: Ground out 5-3 (Groundball, 56S, EV 81.9 MPH)
|
|
Batting: RHB Ray Finkle
|
0-0: Ball 1-0: Foul Ball, location: 2F 1-1: Swinging Strike 1-2: Ball 2-2: Foul Ball, location: 2F 2-2: Strikes out swinging
|
| Bottom of the 7th over - 0 runs, 0 hits, 0 errors, 0 left on base; Montgomery 4 - Corpus Christi 3 |
| TOP OF THE 8TH |
|
Montgomery Biscuits batting - Pitching for Corpus Christi Hooks : RHP Michael Bruce
|
|
Batting: SHB Brett McEwen
|
0-0: Called Strike 0-1: Ball 1-1: Foul Ball, location: 2F 1-2: Foul Ball, location: 2F 1-2: Ball 2-2: Ball 3-2: Base on Balls
|
|
Batting: LHB Kevin Kantor
|
0-0: Called Strike 0-1: Ball 1-1: Bunt missed! 1-2: Ball 2-2: Strikes out swinging
|
|
Batting: SHB Willie Koviak
|
0-0: Called Strike 0-1: SINGLE (Groundball, 34D, EV 102.5 MPH) Brett McEwen to second Runner from 2nd tries for 3rd, SAFE, throw by RF made at trailing runner, OUT! 9-6
|
|
Batting: RHB Devin Brown
|
0-0: Ball 1-0: Fly out, F4 (Popup, 4S, EV 80.0 MPH)
|
| Top of the 8th over - 0 runs, 1 hit, 0 errors, 1 left on base; Montgomery 4 - Corpus Christi 3 |
| BOTTOM OF THE 8TH |
|
Corpus Christi Hooks batting - Pitching for Montgomery Biscuits : RHP Steve DiDomenico
|
|
Now at 1B: Kevin Kantor
|
|
|
Now at 2B: Steve French
|
|
|
Now at 3B: Devin Brown
|
|
|
Batting: RHB Antonio Gamez
|
0-0: Ball 1-0: SINGLE (Groundball, 4MD, EV 100.0 MPH)
|
|
Batting: RHB Chris McGrath
|
0-0: Called Strike 0-1: Foul Ball, location: 2F 0-2: Ball 1-2: Ground out 6-3 (Groundball, 6S, EV 74.4 MPH) Antonio Gamez to second
|
|
Batting: LHB Nick Foutz
|
0-0: Called Strike 0-1: Ball Wild Pitch! Antonio Gamez to third 1-1: Foul Ball, location: 2F 1-2: Ball 2-2: Strikes out swinging, 2-3 out at first.
|
|
Batting: LHB Sean Trueblood
|
0-0: Called Strike 0-1: Fly out, F8 (Flyball, 8RD, EV 104.4 MPH)
|
| Bottom of the 8th over - 0 runs, 1 hit, 0 errors, 1 left on base; Montgomery 4 - Corpus Christi 3 |
| TOP OF THE 9TH |
|
Montgomery Biscuits batting - Pitching for Corpus Christi Hooks : RHP Michael Bruce
|
|
Batting: RHB Alfredo Moreno
|
0-0: Foul Ball, location: 2F 0-1: Called Strike 0-2: Ball 1-2: Foul Ball, location: 2F 1-2: Strikes out looking
|
|
Batting: LHB Austin Ohmer
|
0-0: DOUBLE (Flyball, 8LXD, EV 112.5 MPH)
|
|
Batting: LHB Davion Lewis
|
0-0: Intentional Walk
|
|
Batting: RHB Wing-kit Bu
|
0-0: Ball 1-0: Called Strike 1-1: SINGLE (Line Drive, 89S, EV 105.6 MPH) Austin Ohmer to third Davion Lewis to second Runner from 3rd tries for Home, SAFE, throw by CF to home Davion Lewis to third Wing-kit Bu to second
|
|
Batting: LHB David Seminario
|
0-0: Called Strike 0-1: Swinging Strike 0-2: Strikes out swinging
|
|
Batting: RHB Steve French
|
0-0: Foul Ball, location: 2F 0-1: Ball 1-1: Ground out U3 (Groundball, 3, EV 87.5 MPH)
|
| Top of the 9th over - 1 run, 2 hits, 0 errors, 2 left on base; Montgomery 5 - Corpus Christi 3 |
| BOTTOM OF THE 9TH |
|
Corpus Christi Hooks batting - Pitching for Montgomery Biscuits : RHP Steve DiDomenico
|
|
Batting: SHB Nate Kopchak
|
0-0: Foul Ball, location: 2F 0-1: Ball 1-1: Foul Ball, location: 2F 1-2: Foul Ball, location: 2F 1-2: Ball 2-2: Foul Ball, location: 2F 2-2: Foul Ball, location: 2F 2-2: Ground out 4-3 (Groundball, 4, EV 81.3 MPH)
|
|
Pinch Hitting: LHB Daniel Lopez
|
0-0: Ball 1-0: Ball 2-0: Ball 3-0: Base on Balls
|
|
Pitching: RHP Joey Morrison
|
|
|
Batting: RHB Jordan Williams
|
0-0: Called Strike 0-1: Ball 1-1: Ball 2-1: Called Strike 2-2: Foul Ball, location: 2F 2-2: Ball 3-2: TRIPLE (Flyball, 89XD, EV 101.3 MPH) Daniel Lopez scores
|
|
Batting: LHB Dylan LaRose
|
0-0: Called Strike 0-1: Ground out 4-3 (Groundball, 34, EV 103.8 MPH)
|
|
Pinch Hitting: LHB Ray Fernandez
|
0-0: Ball 1-0: Ball 2-0: Called Strike 2-1: Called Strike 2-2: Strikes out swinging
|
| Bottom of the 9th over - 1 run, 1 hit, 0 errors, 1 left on base; Montgomery 5 - Corpus Christi 4 |
|